 Dungeon Crawl Stone Soup version 0.31-a0-217-g58bb5d79cf (webtiles) character file.

Game seed: 12023927159845534279

25118 qw the Cleaver (level 13, -6/82 HPs)
             Began as a Gargoyle Fighter on July 3, 2023.
             Was an Elder of Okawaru.
             Killed from afar by an oklob plant (18 damage)
             ... with a splash of acid
             ... on level 4 of the Lair of Beasts.
             The game lasted 00:06:41 (14523 turns).

qw the Cleaver (Gargoyle Fighter)                  Turns: 14523, Time: 00:06:41

Health: -6/82      AC: 16    Str: 25    XL:     13   Next: 17%
Magic:  19/20      EV: 11    Int:  9    God:    Okawaru [****..]
Gold:   371        SH:  7    Dex: 15    Spells: 12/12 levels left

rFire   + . .        Y - +3 war axe (chaos)
rCold   + . .        c - +0 buckler
rNeg    + . .        r - +0 plate armour
rPois   inf          (no helmet)
rElec   +            k - scarf {rC+ rF+}
rCorr   .            (no gloves)
SInv    .            q - +1 pair of boots
Will    ++...        (no amulet) Stlth
                     j - ring of willpower
HPRegen 0.33/turn    p - ring of Teaxic {Will+ Dex+6 Slay+2 Stlth+}
MPRegen 0.17/turn

%: no passive effects
@: heroic, corroded
A: sickness immunity, AC +9, negative energy resistance 1, electricity
resistance, torment resistance 1, petrification resistance
a: Renounce Religion, Heroism, Finesse


You were on level 4 of the Lair of Beasts.
You worshipped Okawaru.
Okawaru was greatly pleased with you.
You visited 3 branches of the dungeon, and saw 14 of its levels.

You collected 789 gold pieces.
You spent 418 gold pieces at shops.


Innate Abilities, Weirdness & Mutations

You are immune to sickness and miasma.
Your stone body is resilient. (AC +9)
You are immune to poison.
You resist negative energy. (rN+)
You are resistant to electric shocks. (rElec)
You are resistant to unholy torment.
You are immune to petrification.


   Skills:
 - Level 10.1(15.1) Fighting
 + Level 13.3(18.3) Axes
 - Level 5.0(10.0) Throwing
 - Level 9.0(14.0) Armour
 - Level 3.0(8.0) Dodging
 - Level 6.0(11.0) Shields
 + Level 9.8 Invocations


You had 12 spell levels left.
You didn't know any spells.
Your spell library was empty.

Inventory:

Hand Weapons
 s - a +3 morningstar
 z - a +0 war axe
 Y - a +3 war axe of chaos (weapon)
Missiles
 y - 7 silver javelins (quivered)
Armour
 c - a +0 buckler (worn)
 i - a +0 cloak
 k - a scarf of resistance (worn)
 q - a +1 pair of boots (worn)
 r - a +0 plate armour (worn)
Jewellery
 b - the amulet "Naeryid" {Faith Harm}
   (You found it on level 4 of the Lair of Beasts)

   [amulet of faith]

   It allows you to gain divine favour quickly.
   Harm:      It increases damage dealt and taken.
 g - an amulet of guardian spirit
 j - a ring of willpower (left hand)
 o - a +6 ring of intelligence
 p - the ring of Teaxic (right hand) {Will+ Dex+6 Slay+2 Stlth+}
   (You found it on level 3 of the Lair of Beasts)

   [ring of dexterity]

   Dex:       It affects your dexterity (+6).
   Slay:      It affects your accuracy & damage with ranged weapons and melee
   (+2).
   Will:      It increases your willpower.
   Stlth:     It makes you more stealthy.
Scrolls
 e - 4 scrolls of teleportation
 m - 2 scrolls of identify
Potions
 a - a potion of enlightenment
 d - 3 potions of might
 f - a potion of resistance
 h - 6 potions of curing
 l - a potion of cancellation
 n - a potion of attraction
 t - a potion of invisibility {unknown}
 v - a potion of haste
 w - 3 potions of lignification
 B - 3 potions of mutation

Dungeon Overview and Level Annotations

Branches:
Dungeon (9/15)             Temple (1/1) D:6            Lair (4/5) D:9
  Swamp (0/4) Lair:3       Spider (0/4) Lair:3
  Slime: Lair:4-5       Orc: D:9-12

Altars:
Ashenzari
Cheibriados
Dithmenos
Elyvilon
Fedhas
Hepliaklqana
Kikubaaqudgha
Makhleb
Nemelex Xobeh
Okawaru
Qazlal
Ru
Sif Muna
Trog
Uskayaw
Vehumet
Wu Jian
Xom
Yredelemnul
Zin
The Shining One
Jiyva

Shops:
D:2 !   D:7 !   D:8 (   D:9 (

Annotations:
D:4 3 runed translucent doors, qw's ghost, amateur GrFi
D:8 3 runed translucent doors, qw's ghost, journeyman GrFi; qw's ghost, novice GrFi
Lair:4 1 runed translucent door, 2 transporters, exclusion: 3 oklob plants


Message History

Enter note:
Enter note:
Enter note:
Enter note:
Enter note:
Enter note:
Enter note:
Enter note:
Enter note:
Enter note: The oklob plant spits acid at you.
The splash of acid hits you!
Enter note:
Enter note:
Enter note:
Enter note:
Enter note:
Enter note:
Enter note:
Enter note:
Enter note:
Enter note:
Enter note:
Enter note:
Enter note:
Enter note:
Enter note:
Enter note:
Enter note:
Enter note:
Enter note:
Enter note:
Enter note:
Enter note:
Enter note:
Enter note: Your surroundings suddenly seem different.
The oklob plant spits acid at you. The splash of acid hits you!!
You die...

.## #.###......P$..>P.........##
..###.........PPP.PPP.........P##
..##............P!PP.......(....#
..##...<........PPP...........###
...#...##.....................#
.......##.....................#
.......#.................#....###
#P.....#...##..........#.........
#......#....##..@................
.................##....#.........
.................##..............
.................#...............
#.................#.............#
#...........P#...P#........#...##
#..##..P#...P#...PP........#..##
##.............................#
#P..................P......#####


You could see an oklob plant.

Vanquished Creatures
  A two-headed ogre (D:9)
  2 bog bodies (Lair:3)
  An oklob plant (Lair:4)
  6 black mambas
  A torpor snail (Lair:4)
  12 cane toads
  2 rime drakes (Lair:3)
  6 komodo dragons
  A troll (D:9)
  4 polar bears
  8 blink frogs
  7 dream sheep
  4 culicivoras (Lair:3)
  8 wyverns
  4 basilisks
  22 yaks
  Eustachio (D:6)
  Edmund (D:6)
  A swamp drake (D:9)
  11 water moccasins
  A floating eye (Lair:4)
  A black bear (D:4)
  An ice beast (D:6)
  2 orc warriors
  A sky beast (D:7)
  9 wolves (Lair:1)
  3 ogres
  8 centaurs
  8 bullfrogs
  Blork the orc (D:6)
  5 wights (D:7)
  14 killer bees (D:9)
  2 electric eels (D:7)
  3 hounds (D:5)
  A jelly (D:7)
  2 gnoll boudas
  3 orc priests (D:7)
  3 iguanas
  8 orc wizards
  18 gnolls
  2 river rats (D:6)
  13 adders
  3 white imps
  2 ufetubi (D:5)
  7 worms
  5 dart slugs
  16 orcs
  13 endoplasms
  4 giant cockroaches (D:1)
  6 goblins
  10 hobgoblins
  2 jackals (D:4)
  4 kobolds
  2 quokkas
  7 ball pythons
  7 bats
  10 rats
310 creatures vanquished.

Notes
Turn   | Place    | Note
-------+----------+-------------------------------------------
     0 | D:1      | qw the Gargoyle Fighter began the quest for the Orb.
     0 | D:1      | Reached XP level 1. HP: 14/14 MP: 1/1
     0 | D:1      | 0 ||| qw: Version: 0.3-a-40-ge99b1a8
     0 | D:1      | 0 ||| qw: Game counter: 295
     0 | D:1      | 0 ||| qw: Melee chars always use a shield: true
     0 | D:1      | 0 ||| qw: God list: Okawaru
     0 | D:1      | 0 ||| qw: Allow faded altars: false
     0 | D:1      | 0 ||| qw: Do Orc after clearing Dungeon:15 true
     0 | D:1      | 0 ||| qw: Do second Lair branch before Depths: true
     0 | D:1      | 0 ||| qw: Lair rune preference: random
     0 | D:1      | 0 ||| qw: Goals: Normal, Zot:1-4, Slime:5, God:TSO, Crypt,
                  | Tomb, Abyss, Pan, Hells, Win
     0 | D:1      | 0 ||| PLANNING D:1-11
    52 | D:1      | Reached skill level 2 in Axes
   135 | D:1      | 135 ||| Stepping ~*~*~tactically~*~*~ (hiding).
   137 | D:1      | 137 ||| Stepping ~*~*~tactically~*~*~ (hiding).
   140 | D:1      | Reached XP level 2. HP: 15/19 MP: 2/2
   683 | D:1      | Reached skill level 3 in Axes
   703 | D:1      | Found a faded altar of an unknown god.
   722 | D:1      | 722 ||| Stepping ~*~*~tactically~*~*~ (hiding).
   731 | D:1      | Reached XP level 3. HP: 23/23 MP: 3/3
  1131 | D:1      | 1131 ||| UPGRADING to +0 cloak.
  1136 | D:1      | 1136 ||| UPGRADING to amulet of guardian spirit.
  1141 | D:1      | 1141 ||| READING scroll labelled JOBBUS ROZA.
  1142 | D:1      | 1142 ||| READING scroll labelled QEWKUU ZUIH.
  1143 | D:1      | 1143 ||| READING scroll labelled KUVVOR FAAM.
  1516 | D:2      | Reached XP level 4. HP: 19/28 MP: 4/4
  1529 | D:2      | 1529 ||| FLEEEEING.
  1629 | D:2      | Reached skill level 4 in Axes
  1634 | D:2      | HP: 6/28 [gnoll/+0 spear (4)]
  1740 | D:2      | 1740 ||| Stepping ~*~*~tactically~*~*~ (hiding).
  1741 | D:2      | 1741 ||| Stepping ~*~*~tactically~*~*~ (hiding).
  1742 | D:2      | 1742 ||| Stepping ~*~*~tactically~*~*~ (hiding).
  1743 | D:2      | 1743 ||| Stepping ~*~*~tactically~*~*~ (hiding).
  1744 | D:2      | 1744 ||| Stepping ~*~*~tactically~*~*~ (hiding).
  1893 | D:2      | Found Cuategh's Distillery.
  1898 | D:2      | 1898 ||| SHOPLISTING 2 potions of magic (160 gold, have
                  | 92).
  1898 | D:2      | 1898 ||| BUYING potion of curing (30 gold).
  1898 | D:2      | Bought a potion of curing for 30 gold pieces
  1898 | D:2      | 1898 ||| BUYING potion of heal wounds (50 gold).
  1898 | D:2      | Bought a potion of heal wounds for 50 gold pieces
  1898 | D:2      | 1898 ||| SHOPLISTING potion of lignification (30 gold, have
                  | 12).
  1898 | D:2      | 1898 ||| SHOPLISTING potion of magic (80 gold, have 12).
  1898 | D:2      | 1898 ||| SHOPLISTING potion of mutation (80 gold, have 12).
  2127 | D:2      | 2127 ||| READING scroll labelled ONLEGUCWUA.
  2128 | D:2      | 2128 ||| READING scroll labelled ZOAXAS EHIN.
  2129 | D:2      | 2129 ||| READING scroll labelled EMPI FAOCIEF.
  2130 | D:2      | 2130 ||| READING scroll labelled YCZATROYFA.
  2131 | D:2      | 2131 ||| READING 2 scrolls of identify.
  2131 | D:2      | 2131 ||| IDENTIFYING blue potion
  2174 | D:3      | 2174 ||| Stepping ~*~*~tactically~*~*~ (hiding).
  2176 | D:3      | 2176 ||| Stepping ~*~*~tactically~*~*~ (hiding).
  2227 | D:3      | 2227 ||| Stepping ~*~*~tactically~*~*~ (stealth).
  2264 | D:3      | Reached XP level 5. HP: 24/32 MP: 3/5
  2309 | D:3      | 2309 ||| DROPPING +0 club.
  2340 | D:3      | 2340 ||| Stepping ~*~*~tactically~*~*~ (stealth).
  2341 | D:3      | 2341 ||| Stepping ~*~*~tactically~*~*~ (stealth).
  2587 | D:3      | Reached skill level 5 in Axes
  2741 | D:3      | 2741 ||| Stepping ~*~*~tactically~*~*~ (stealth).
  3027 | D:3      | 3027 ||| UPGRADING to +0 chain mail.
  3037 | D:3      | 3037 ||| DROPPING +0 scale mail.
  3038 | D:3      | 3038 ||| UPGRADING to scarf of resistance.
  3094 | D:4      | Identified the +0 leather armour "Xicowy" {Rampage rPois
                  | Will+}
  3100 | D:4      | Noticed a black bear
  3112 | D:4      | Killed a black bear
  3113 | D:4      | Reached XP level 6. HP: 23/39 MP: 3/6
  3178 | D:4      | Found a runed translucent gate.
  3178 | D:4      | Found a runed translucent gate.
  3178 | D:4      | Found a runed translucent gate.
  3195 | D:4      | Found a shadowy altar of Dithmenos.
  3202 | D:4      | 3202 ||| Stepping ~*~*~tactically~*~*~ (hiding).
  3206 | D:4      | 3206 ||| FLEEEEING.
  3207 | D:4      | 3207 ||| FLEEEEING.
  3380 | D:4      | HP: 6/39 [orc wizard/+1 dagger of distortion (17)]
  3381 | D:4      | 3381 ||| READING scroll of teleportation.
  3382 | D:4      | 3382 ||| DRINKING 2 potions of heal wounds.
  3793 | D:4      | Noticed qw's ghost (amateur GrFi)
  3851 | D:4      | Found a blossoming altar of Fedhas.
  3870 | D:4      | Reached skill level 6 in Axes
  3870 | D:4      | Reached XP level 7. HP: 26/44 MP: 2/7
  3979 | D:4      | 3979 ||| Stepping ~*~*~tactically~*~*~ (stealth).
  3981 | D:4      | 3981 ||| Stepping ~*~*~tactically~*~*~ (stealth).
  4061 | D:4      | 4061 ||| DROPPING ring of flight.
  4062 | D:4      | 4062 ||| READING scroll labelled GUEGROUPNU.
  4088 | D:5      | Entered Level 5 of the Dungeon
  4099 | D:5      | Reached skill level 1 in Dodging
  4315 | D:5      | 4315 ||| READING scroll of enchant weapon.
  4315 | D:5      | 4315 ||| ENCHANTING +1 war axe of draining.
  4339 | D:5      | Reached skill level 7 in Axes
  4342 | D:5      | 4342 ||| READING scroll of enchant weapon.
  4342 | D:5      | 4342 ||| ENCHANTING +2 war axe of draining.
  4387 | D:5      | 4387 ||| Stepping ~*~*~tactically~*~*~ (stealth).
  4389 | D:5      | 4389 ||| Stepping ~*~*~tactically~*~*~ (stealth).
  4535 | D:5      | 4535 ||| Stepping ~*~*~tactically~*~*~ (stealth).
  4543 | D:5      | Reached XP level 8. HP: 49/49 MP: 8/8
  4619 | D:5      | HP: 12/49 [gnoll/+1 halberd of venom (4)]
  4620 | D:5      | 4620 ||| DRINKING potion of heal wounds.
  4948 | D:5      | 4948 ||| UPGRADING to +0 pair of boots.
  4953 | D:5      | 4953 ||| UPGRADING to +1 pair of boots.
  4963 | D:5      | 4963 ||| DROPPING +0 pair of boots.
  4964 | D:5      | 4964 ||| READING scroll labelled CUENWA WOLAAPS.
  4969 | D:6      | 4969 ||| PLANNING SEWER
  5014 | D:6      | 5014 ||| Stepping ~*~*~tactically~*~*~ (hiding).
  5093 | D:6      | 5093 ||| Stepping ~*~*~tactically~*~*~ (hiding).
  5098 | D:6      | Reached skill level 8 in Axes
  5208 | D:6      | 5208 ||| Stepping ~*~*~tactically~*~*~ (hiding).
  5209 | D:6      | 5209 ||| Stepping ~*~*~tactically~*~*~ (hiding).
  5210 | D:6      | 5210 ||| Stepping ~*~*~tactically~*~*~ (hiding).
  5328 | D:6      | Noticed Edmund
  5330 | D:6      | 5330 ||| Stepping ~*~*~tactically~*~*~ (hiding).
  5340 | D:6      | Killed Edmund
  5341 | D:6      | Reached skill level 6 in Fighting
  5344 | D:6      | 5344 ||| DROPPING +0 flail.
  5411 | D:6      | Found a staircase to the Ecumenical Temple.
  5417 | D:6      | Noticed Eustachio
  5418 | D:6      | 5418 ||| Stepping ~*~*~tactically~*~*~ (stealth).
  5453 | D:6      | Killed Eustachio
  5636 | D:6      | 5636 ||| RIP SEWER
  5660 | D:6      | 5660 ||| PLANNING TEMPLE
  5660 | D:6      | 5660 ||| READING scroll labelled BAEMIRENTY.
  5696 | Temple   | Entered the Ecumenical Temple
  5810 | Temple   | 5810 ||| PLANNING OKAWARU WORSHIP
  5931 | Temple   | Became a worshipper of Warmaster Okawaru
  5932 | Temple   | 5932 ||| PLANNING D:1-11
  5932 | Temple   | 5932 ||| REMOVING amulet of guardian spirit.
  6006 | D:6      | Noticed Blork the orc
  6007 | D:6      | 6007 ||| Stepping ~*~*~tactically~*~*~ (hiding).
  6024 | D:6      | Killed Blork the orc
  6057 | D:6      | Reached XP level 9. HP: 49/55 MP: 9/9
  6093 | D:6      | Reached skill level 9 in Axes
  6436 | D:7      | Found Foepp's Distillery.
  6450 | D:7      | 6450 ||| Stepping ~*~*~tactically~*~*~ (hiding).
  6462 | D:7      | 6462 ||| DRINKING 4 potions of curing.
  6462 | D:7      | 6462 ||| (to cure confusion)
  6511 | D:7      | Reached * piety under Okawaru
  6512 | D:7      | 6512 ||| INVOKING Heroism.
  6513 | D:7      | 6513 ||| INVOKING Heroism.
  6545 | D:7      | 6545 ||| Stepping ~*~*~tactically~*~*~ (stealth).
  6555 | D:7      | 6555 ||| Stepping ~*~*~tactically~*~*~ (stealth).
  6572 | D:7      | 6572 ||| INVOKING Heroism.
  6583 | D:7      | Reached skill level 1 in Invocations
  6628 | D:7      | 6628 ||| Stepping ~*~*~tactically~*~*~ (stealth).
  6629 | D:7      | 6629 ||| Stepping ~*~*~tactically~*~*~ (stealth).
  6635 | D:7      | 6635 ||| FLEEEEING.
  6636 | D:7      | 6636 ||| FLEEEEING.
  6637 | D:7      | 6637 ||| FLEEEEING.
  6641 | D:7      | 6641 ||| STAIRDANCE
  6663 | D:7      | 6663 ||| Stepping ~*~*~tactically~*~*~ (stealth).
  6675 | D:7      | 6675 ||| Stepping ~*~*~tactically~*~*~ (hiding).
  6676 | D:7      | 6676 ||| Stepping ~*~*~tactically~*~*~ (hiding).
  6678 | D:7      | 6678 ||| Stepping ~*~*~tactically~*~*~ (hiding).
  6679 | D:7      | 6679 ||| Stepping ~*~*~tactically~*~*~ (hiding).
  6680 | D:7      | 6680 ||| Stepping ~*~*~tactically~*~*~ (hiding).
  6681 | D:7      | 6681 ||| INVOKING Heroism.
  6750 | D:7      | 6750 ||| DROPPING +0 flail of holy wrath.
  6753 | D:7      | 6753 ||| DROPPING +0 hand axe.
  6778 | D:7      | 6778 ||| Stepping ~*~*~tactically~*~*~ (stealth).
  6779 | D:7      | 6779 ||| Stepping ~*~*~tactically~*~*~ (stealth).
  6795 | D:7      | Reached skill level 10 in Axes
  6813 | D:7      | 6813 ||| INVOKING Heroism.
  6887 | D:7      | 6887 ||| INVOKING Heroism.
  6998 | D:7      | 6998 ||| Stepping ~*~*~tactically~*~*~ (hiding).
  7000 | D:7      | 7000 ||| Stepping ~*~*~tactically~*~*~ (hiding).
  7002 | D:7      | 7002 ||| Stepping ~*~*~tactically~*~*~ (hiding).
  7003 | D:7      | 7003 ||| Stepping ~*~*~tactically~*~*~ (hiding).
  7204 | D:7      | 7204 ||| BUYING 2 potions of heal wounds (130 gold).
  7204 | D:7      | Bought 2 potions of heal wounds for 130 gold pieces
  7204 | D:7      | 7204 ||| BUYING potion of curing (39 gold).
  7204 | D:7      | Bought a potion of curing for 39 gold pieces
  7204 | D:7      | 7204 ||| BUYING potion of haste (130 gold).
  7204 | D:7      | Bought a potion of haste for 130 gold pieces
  7204 | D:7      | 7204 ||| SHOPLISTING potion of heal wounds (65 gold, have
                  | 40).
  7204 | D:7      | 7204 ||| BUYING potion of lignification (39 gold).
  7204 | D:7      | Bought a potion of lignification for 39 gold pieces
  7204 | D:7      | 7204 ||| SHOPLISTING potion of might (52 gold, have 1).
  7234 | D:7      | 7234 ||| UPGRADING to +0 plate armour.
  7244 | D:7      | 7244 ||| DROPPING +0 chain mail.
  7245 | D:7      | 7245 ||| READING scroll labelled GINIPHEGEZ.
  7421 | D:8      | Reached skill level 3 in Invocations
  7438 | D:8      | 7438 ||| Stepping ~*~*~tactically~*~*~ (stealth).
  7449 | D:8      | Reached XP level 10. HP: 61/63 MP: 12/12
  7455 | D:8      | Reached skill level 6 in Armour
  7662 | D:8      | Found a radiant altar of Vehumet.
  7684 | D:8      | Found a runed translucent gate.
  7685 | D:8      | Found a runed translucent gate.
  7685 | D:8      | Found a runed translucent gate.
  7686 | D:8      | Noticed qw's ghost (novice GrFi)
  7686 | D:8      | Noticed qw's ghost (novice GrFi)
  7686 | D:8      | Noticed qw's ghost (journeyman GrFi)
  7741 | D:8      | Found Kabufis's Antique Weapon Emporium.
  7749 | D:8      | 7749 ||| SHOPLISTING glowing hand axe (174 gold, have 41).
  7749 | D:8      | 7749 ||| SHOPLISTING glowing war axe (188 gold, have 41).
  7777 | D:8      | 7777 ||| Stepping ~*~*~tactically~*~*~ (stealth).
  8013 | D:9      | 8013 ||| STAIRDANCE
  8108 | D:9      | 8108 ||| STAIRDANCE
  8211 | D:9      | Noticed a two-headed ogre
  8212 | D:9      | 8212 ||| INVOKING Heroism.
  8213 | D:9      | 8213 ||| Stepping ~*~*~tactically~*~*~ (stealth).
  8214 | D:9      | 8214 ||| Stepping ~*~*~tactically~*~*~ (stealth).
  8215 | D:9      | 8215 ||| Stepping ~*~*~tactically~*~*~ (stealth).
  8222 | D:9      | Killed a two-headed ogre
  8222 | D:9      | Reached ** piety under Okawaru
  8302 | D:9      | Found Saicada's Antique Weapon Shoppe.
  8317 | D:9      | 8317 ||| Stepping ~*~*~tactically~*~*~ (stealth).
  8361 | D:9      | 8361 ||| Stepping ~*~*~tactically~*~*~ (stealth).
  8412 | D:9      | 8412 ||| INVOKING Heroism.
  8468 | D:9      | 8468 ||| Stepping ~*~*~tactically~*~*~ (stealth).
  8469 | D:9      | 8469 ||| Stepping ~*~*~tactically~*~*~ (stealth).
  8487 | D:9      | 8487 ||| Stepping ~*~*~tactically~*~*~ (hiding).
  8491 | D:9      | 8491 ||| DRINKING 5 potions of curing.
  8491 | D:9      | 8491 ||| (to cure confusion)
  8496 | D:9      | 8496 ||| DRINKING 4 potions of curing.
  8496 | D:9      | 8496 ||| (to cure confusion)
  8644 | D:9      | 8644 ||| INVOKING Heroism.
  8724 | D:9      | Reached skill level 11 in Axes
  8729 | D:9      | 8729 ||| INVOKING Heroism.
  8743 | D:9      | Reached XP level 11. HP: 39/69 MP: 12/14
  8856 | D:9      | Found a staircase to the Lair.
  8860 | D:9      | Identified the +2 chain mail of Gebleed {Str+2}
  8911 | D:9      | Reached skill level 1 in Throwing
  8972 | D:9      | 8972 ||| DROPPING +2 hand axe.
  9158 | D:9      | 9158 ||| Stepping ~*~*~tactically~*~*~ (stealth).
  9168 | D:9      | Reached *** piety under Okawaru
  9323 | D:9      | 9323 ||| PLANNING LAIR
  9323 | D:9      | 9323 ||| DROPPING +2 chain mail of Gebleed {Str+2}.
  9324 | D:9      | 9324 ||| DRINKING 2 glowing grey potions.
  9325 | D:9      | 9325 ||| DROPPING potion of brilliance.
  9401 | Lair:1   | Entered Level 1 of the Lair of Beasts
  9402 | Lair:1   | 9402 ||| INVOKING Heroism.
  9406 | Lair:1   | Reached skill level 3 in Throwing
  9548 | Lair:1   | Reached skill level 9 in Fighting
  9620 | Lair:1   | 9620 ||| INVOKING Heroism.
  9821 | Lair:1   | 9821 ||| INVOKING Heroism.
  9957 | Lair:1   | 9957 ||| Stepping ~*~*~tactically~*~*~ (stealth).
  9959 | Lair:1   | 9959 ||| Stepping ~*~*~tactically~*~*~ (stealth).
  9963 | Lair:1   | Received a gift from Okawaru
  9970 | Lair:1   | Reached skill level 12 in Axes
  9990 | Lair:1   | 9990 ||| Stepping ~*~*~tactically~*~*~ (stealth).
  9991 | Lair:1   | 9991 ||| Stepping ~*~*~tactically~*~*~ (stealth).
  9993 | Lair:1   | 9993 ||| Stepping ~*~*~tactically~*~*~ (stealth).
 10635 | Lair:1   | 10635 ||| DRINKING 3 grey potions.
 10636 | Lair:1   | 10636 ||| READING 3 scrolls of identify.
 10636 | Lair:1   | 10636 ||| IDENTIFYING cyan potion
 10637 | Lair:1   | 10637 ||| READING 2 scrolls of identify.
 10637 | Lair:1   | 10637 ||| IDENTIFYING fizzy coppery potion
 10638 | Lair:1   | 10638 ||| DROPPING 2 potions of degeneration.
 10714 | Lair:2   | 10714 ||| INVOKING Heroism.
 10754 | Lair:2   | Reached **** piety under Okawaru
 10755 | Lair:2   | Reached skill level 6 in Shields
 10851 | Lair:2   | 10851 ||| INVOKING Heroism.
 10860 | Lair:2   | Received a gift from Okawaru
 10909 | Lair:2   | 10909 ||| INVOKING Heroism.
 10917 | Lair:2   | 10917 ||| Stepping ~*~*~tactically~*~*~ (stealth).
 11018 | Lair:2   | 11018 ||| INVOKING Heroism.
 11104 | Lair:2   | 11104 ||| INVOKING Heroism.
 11113 | Lair:2   | Reached XP level 12. HP: 39/77 MP: 13/15
 11239 | Lair:2   | 11239 ||| Stepping ~*~*~tactically~*~*~ (hiding).
 11295 | Lair:2   | 11295 ||| Stepping ~*~*~tactically~*~*~ (stealth).
 11298 | Lair:2   | 11298 ||| Stepping ~*~*~tactically~*~*~ (stealth).
 11307 | Lair:2   | 11307 ||| Stepping ~*~*~tactically~*~*~ (hiding).
 11311 | Lair:2   | 11311 ||| Stepping ~*~*~tactically~*~*~ (hiding).
 11312 | Lair:2   | 11312 ||| Stepping ~*~*~tactically~*~*~ (hiding).
 11646 | Lair:2   | 11646 ||| UPGRADING to ring of willpower.
 11647 | Lair:2   | 11647 ||| READING scroll labelled LIYDAM SOQISK.
 11648 | Lair:2   | 11648 ||| READING scroll labelled SIAGAFA OTRA.
 11697 | Lair:2   | 11697 ||| READING scroll labelled VITSOGHUCEY.
 11698 | Lair:2   | 11698 ||| DRINKING 2 glowing coppery potions.
 11802 | Lair:2   | 11802 ||| READING 5 scrolls of identify.
 11802 | Lair:2   | 11802 ||| IDENTIFYING fizzy black potion
 11803 | Lair:2   | 11803 ||| READING 4 scrolls of identify.
 11803 | Lair:2   | 11803 ||| IDENTIFYING inky potion
 11804 | Lair:2   | 11804 ||| READING 3 scrolls of identify.
 11804 | Lair:2   | 11804 ||| IDENTIFYING metallic cyan potion
 11805 | Lair:2   | 11805 ||| DROPPING potion of ambrosia.
 11806 | Lair:2   | 11806 ||| DROPPING potion of berserk rage.
 11859 | Lair:3   | 11859 ||| INVOKING Heroism.
 11877 | Lair:3   | 11877 ||| Stepping ~*~*~tactically~*~*~ (hiding).
 11886 | Lair:3   | 11886 ||| INVOKING Heroism.
 11889 | Lair:3   | Reached skill level 6 in Invocations
 11903 | Lair:3   | Reached ***** piety under Okawaru
 12225 | Lair:3   | 12225 ||| Stepping ~*~*~tactically~*~*~ (stealth).
 12256 | Lair:3   | 12256 ||| Stepping ~*~*~tactically~*~*~ (stealth).
 12258 | Lair:3   | 12258 ||| Stepping ~*~*~tactically~*~*~ (hiding).
 12308 | Lair:3   | Identified the ring of Teaxic {Will+ Dex+6 Slay+2 Stlth+}
 12310 | Lair:3   | Found a staircase to the Swamp.
 12429 | Lair:3   | Found a hole to the Spider Nest.
 12439 | Lair:3   | 12439 ||| INVOKING Heroism.
 12467 | Lair:3   | 12467 ||| INVOKING Heroism.
 12469 | Lair:3   | Reached skill level 13 in Axes
 12581 | Lair:3   | 12581 ||| READING scroll of brand weapon.
 12581 | Lair:3   | 12581 ||| BRANDING +3 war axe of draining.
 12748 | Lair:3   | Found a bloodstained altar of Trog.
 12893 | Lair:3   | 12893 ||| Stepping ~*~*~tactically~*~*~ (stealth).
 12894 | Lair:3   | 12894 ||| Stepping ~*~*~tactically~*~*~ (stealth).
 12895 | Lair:3   | 12895 ||| Stepping ~*~*~tactically~*~*~ (stealth).
 13303 | Lair:3   | 13303 ||| DROPPING scarf of resistance.
 13304 | Lair:3   | 13304 ||| UPGRADING to ring of Teaxic {Will+ Dex+6 Slay+2
                  | Stlth+}.
 13334 | Lair:4   | Found a dark tunnel.
 13360 | Lair:4   | 13360 ||| INVOKING Heroism.
 13368 | Lair:4   | 13368 ||| Stepping ~*~*~tactically~*~*~ (stealth).
 13400 | Lair:4   | Reached skill level 3 in Dodging
 13401 | Lair:4   | 13401 ||| INVOKING Heroism.
 13403 | Lair:4   | 13403 ||| Stepping ~*~*~tactically~*~*~ (stealth).
 13416 | Lair:4   | 13416 ||| Stepping ~*~*~tactically~*~*~ (stealth).
 13417 | Lair:4   | 13417 ||| Stepping ~*~*~tactically~*~*~ (stealth).
 13432 | Lair:4   | Received a gift from Okawaru
 13449 | Lair:4   | 13449 ||| INVOKING Heroism.
 13505 | Lair:4   | 13505 ||| INVOKING Heroism.
 13544 | Lair:4   | Reached skill level 9 in Invocations
 13544 | Lair:4   | Reached XP level 13. HP: 82/82 MP: 19/19
 13551 | Lair:4   | Reached skill level 9 in Armour
 13555 | Lair:4   | 13555 ||| INVOKING Heroism.
 13591 | Lair:4   | Found a runed translucent door.
 13619 | Lair:4   | Found a transporter.
 13622 | Lair:4   | Identified the amulet "Naeryid" {Faith Harm}
 13668 | Lair:4   | Found a viscous altar of Jiyva.
 13955 | Lair:4   | 13955 ||| INVOKING Heroism.
 13957 | Lair:4   | HP: 11/82 [oklob plant/splash of acid (23)]
 13958 | Lair:4   | 13958 ||| READING 8 scrolls of teleportation.
 13959 | Lair:4   | 13959 ||| DRINKING 2 potions of heal wounds.
 13959 | Lair:4   | Paralysed by a floating eye for 4 turns
 14009 | Lair:4   | 14009 ||| Stepping ~*~*~tactically~*~*~ (stealth).
 14010 | Lair:4   | 14010 ||| Stepping ~*~*~tactically~*~*~ (stealth).
 14125 | Lair:4   | 14125 ||| INVOKING Heroism.
 14129 | Lair:4   | Found a transporter.
 14131 | Lair:4   | Paralysed by a floating eye for 3 turns
 14134 | Lair:4   | HP: 13/82 [oklob plant/splash of acid (8)]
 14135 | Lair:4   | 14135 ||| READING 7 scrolls of teleportation.
 14136 | Lair:4   | 14136 ||| DRINKING potion of heal wounds.
 14264 | Lair:4   | 14264 ||| INVOKING Heroism.
 14269 | Lair:4   | Paralysed by a floating eye for 2 turns
 14274 | Lair:4   | HP: 17/82 [oklob plant/splash of acid (22)]
 14275 | Lair:4   | 14275 ||| READING 6 scrolls of teleportation.
 14278 | Lair:4   | Received a gift from Okawaru
 14278 | Lair:4   | HP: 8/82 [oklob plant/splash of acid (10)]
 14514 | Lair:4   | 14514 ||| INVOKING Heroism.
 14519 | Lair:4   | 14519 ||| READING 5 scrolls of teleportation.
 14522 | Lair:4   | HP: 11/82 [oklob plant/splash of acid (13)]
 14523 | Lair:4   | Killed from afar by an oklob plant

Levels and vault maps discovered:
D:1:      shiori_arrival_maze, layout_basic, ebering_ecumenical_altar_box,
          minmay_split_cup_small
D:2:      cheibrodos_helix_gallery, layout_basic, serial_shops, shop,
          ebering_dispersal_statue_hall, minmay_between
D:3:      layout_basic
D:4:      layout_loops_ring, amcnicky_altar_gilded, fedhas_altar_fruit_tree,
          gammafunk_ghost_icy, hangedman_decor_riveting, dk_vineyard_3
D:5:      layout_basic, kennysheep_boxes
D:6:      layout_loops_ring, temple_statues, lightli_sewer_entry_pipes,
          uniq_blork_the_orc, uniq_edmund, uniq_eustachio
D:7:      layout_cave_pools, serial_shops, nicolae_shop_peninsula,
          kennysheep_flooded_box
D:8:      layout_basic, nicolae_vehumet_altar_sigil, gammafunk_ghost_cemetery,
          serial_shops, shop, minmay_crystal_room
D:9:      layout_rooms, erik_lair_dragon, serial_shops,
          nicolae_shop_tiny_statue_garden
Temple:   mainiacjoe_temple_bowtie_tessellation
Lair:1:   layout_small_grid, lemuel_fruit_tree, grunt_megastairs_2
Lair:2:   layout_chaotic_city, dreamdust_gnoll_shepherd
Lair:3:   layout_layer_cave, skrybe_swamp_entry_bodies,
          hellmonk_spider_entry_life_and_decay, basic_altar
Lair:4:   layout_gridlike, slime_entry_2, nicolae_volcano_entry_two_sided,
          gammafunk_ghost_abyssal_escape, disabler_island, lemuel_fruit_fields

Skill      XL: |  1  2  3  4  5  6  7  8  9 10 11 12 13 |
---------------+----------------------------------------+-----
Axes           | 2 3 4 5 6 7 8 10 11 12 13 | 13.3
Fighting       | 4 5 6 7 8 10 | 10.1
Dodging        | 1 3 |  3.0
Armour         | 4 5 7 8 9 |  9.0
Shields        | 4 5 6 |  6.0
Invocations    | 3 4 9 |  9.8
Throwing       | 4 5 |  5.0

Action                     |  1- 3 |  4- 6 |  7- 9 | 10-12 | 13-15 || total
---------------------------+-------+-------+-------+-------+-------++-------
  Melee: War axe           |    94 |   195 |   263 |   363 |    38 ||   953
  Throw: Javelin           |       |       |       |    86 |    17 ||   103
         Boomerang         |       |       |       |     7 |       ||     7
 Invoke: Heroism           |       |       |     5 |    20 |     5 ||    30
    Use: Scroll            |     3 |     6 |     6 |     9 |     4 ||    28
         Potion            |       |     1 |     2 |     5 |     2 ||    10
 Armour: Scale mail        |    45 |    40 |       |       |       ||    85
         Chain mail        |       |    68 |   157 |       |       ||   225
         Skin              |       |       |     9 |       |       ||     9
         Plate armour      |       |       |     5 |   194 |    13 ||   212
  Dodge: Dodged            |    41 |   100 |   114 |   118 |     4 ||   377
  Block: Buckler           |    16 |    51 |    50 |    79 |     7 ||   203

Table legend:
 A = Non-vault XP
 B = Vault XP
 C = Vault XP percentage of total XP
 D = Non-vault monster count
 E = Vault monster count
 F = Vault count percentage of total count
                 A         B        C        D         E       F
            +---------+---------+-------+---------+---------+-------
      Total |   30478 |    5406 |  15.1 |     264 |      46 |  14.8
            +---------+---------+-------+---------+---------+-------
        D:1 |      29 |      10 |  25.6 |      17 |       5 |  22.7
        D:2 |      88 |      14 |  13.7 |      21 |       7 |  25.0
        D:3 |      94 |       0 |   0.0 |      19 |       0 |   0.0
        D:4 |     411 |       0 |   0.0 |      25 |       0 |   0.0
        D:5 |     724 |       0 |   0.0 |      20 |       0 |   0.0
        D:6 |     783 |     512 |  39.5 |      11 |      14 |  56.0
        D:7 |    1688 |       0 |   0.0 |      28 |       0 |   0.0
        D:8 |    1243 |       0 |   0.0 |      10 |       0 |   0.0
        D:9 |    3420 |     948 |  21.7 |      31 |       5 |  13.9
     Lair:1 |    4169 |     647 |  13.4 |      21 |       5 |  19.2
     Lair:2 |    5351 |     283 |   5.0 |      21 |       2 |   8.7
     Lair:3 |    5015 |    2313 |  31.6 |      15 |       6 |  28.6
     Lair:4 |    7463 |     679 |   8.3 |      25 |       2 |   7.4
            +---------+---------+-------+---------+---------+-------
